 Dungeon Crawl Stone Soup version 0.27-b1-42-g19c61b19a5 (webtiles) character file.

Game seed: 18037981962263727910

533 shadowrider38 the Cleaver (level 7, -3/59 HPs)
             Began as a Minotaur Berserker on July 29, 2021.
             Was a Believer of Trog.
             Slain by Prince Ribbit (15 damage)
             ... on level 5 of the Dungeon.
             The game lasted 00:15:24 (3594 turns).

shadowrider38 the Cleaver (Minotaur Berserker)      Turns: 3594, Time: 00:15:24

Health: -3/59      AC:  6    Str: 23    XL:     7   Next: 4%
Magic:  6/6        EV: 10    Int:  4    God:    Trog [**....]
Gold:   142        SH:  0    Dex: 10    Spells: 6/6 levels left

rFire    . . .     SeeInvis .   a - +0 hand axe
rCold    . . .     Faith    .   (no shield)
rNeg     . . .     Spirit   .   n - +0 scale mail
rPois    .         Reflect  .   (helmet restricted)
rElec    .         Harm     .   (no cloak)
rCorr    .         Rampage  .   (no gloves)
Will     .....                  (no boots)
Stlth    ..........             (no amulet)
HPRegen  0.19/turn              (no ring)
MPRegen  0.10/turn              (no ring)

@: no status effects
A: horns 2, retaliatory headbutt
a: Renounce Religion, Berserk, Trog's Hand


You were on level 5 of the Dungeon.
You worshipped Trog.
Trog was pleased with you.
You visited 1 branch of the dungeon, and saw 5 of its levels.

You collected 142 gold pieces.

Inventory:

Hand Weapons
 a - a +0 hand axe (weapon)
 q - a +2 flail of protection
Missiles
 d - 54 bolts
 k - 18 sling bullets
Armour
 b - a +0 animal skin
 g - a +1 robe of fire resistance
 n - a +0 scale mail (worn)
 r - a +0 ring mail
Scrolls
 c - a scroll of enchant armour {unknown}
 e - 4 scrolls of identify {unknown}
 m - a scroll of silence {unknown}
 o - a scroll of immolation {unknown}
 p - a scroll of torment {unknown}
 u - a scroll of magic mapping {unknown}
Potions
 f - 2 potions of invisibility
 h - a potion of resistance {unknown}
 i - 4 potions of heal wounds {unknown}
 j - 2 potions of lignification {unknown}
 l - a potion of berserk rage {unknown}
 s - a potion of brilliance {unknown}
 t - 3 potions of curing {unknown}
 v - a potion of might {unknown}


   Skills:
 - Level 4.1 Fighting
 + Level 9.1 Axes
 - Level 2.7 Armour
 - Level 2.5 Dodging
 - Level 0.5 Stealth


You had 6 spell levels left.
You didn't know any spells.
Your spell library contained the following spells:

 Spells                   Type           Power      Damage    Failure   Level
 Borgnjor's Revivificati  Necr           0%         N/A       100%        8
 Necromutation            Tmut/Necr      0%         N/A       100%        8
 Death's Door             Necr           0%         N/A       100%        9


Dungeon Overview and Level Annotations

Branches:
Dungeon (5/15)             Temple (0/1) D:4

Altars:
The Shining One

Annotations:
D:3 1 runed translucent door, ZARRMARR's ghost, amateur HOFi
D:5 Prince Ribbit


Innate Abilities, Weirdness & Mutations

You have a pair of horns on your head.
You reflexively headbutt those who attack you in melee.


Message History

You now have 142 gold pieces (gained 6).
Found a long sword.
Found a stone staircase leading down.
Found a club.
Prince Ribbit and a skeleton come into view.
Prince Ribbit croaks.
You hear a shout!
Prince Ribbit blinks!
Prince Ribbit moves out of view.
The water moccasin skeleton moves out of view.
A water moccasin skeleton is nearby!
Okay, then.
A water moccasin skeleton is nearby!
A centaur comes into view.
Found 6 boomerangs and a long sword.
You see here a +0 long sword.
You barely miss the water moccasin skeleton.
You headbutt the water moccasin skeleton.
The water moccasin skeleton is lightly damaged.
Prince Ribbit blinks!
The water moccasin skeleton barely misses you.
You hit the water moccasin skeleton.
You headbutt the water moccasin skeleton.
The water moccasin skeleton is moderately damaged.
The water moccasin skeleton bites you but does no damage.
Press: ? - help, v - describe, . - travel The floor.
Press: ? - help, v - describe, . - travel
Here: a centaur, quivering arrows The floor.
The centaur wields a +2 shortbow of flaming.
It bursts into flame!
The centaur shoots an arrow.
The arrow hits you. The arrow burns you. The water moccasin skeleton bites you.
The centaur shoots an arrow.
The arrow completely misses you.
The centaur shoots an arrow.
The arrow hits you! The arrow burns you.
Prince Ribbit blinks!
Prince Ribbit blinks!
The centaur shoots an arrow.
The arrow hits you! The arrow burns you. Prince Ribbit hits you!
* * * LOW HITPOINT WARNING * * *
You closely miss Prince Ribbit. Prince Ribbit hits you!
You die...

#...#......)..
###...#........
#.............(
#.......####.. .
#............# ..
##.....#####.###...
#.....##..........
#.###.....)....#
#@###..#.......##.
#.FcZ.............
#####.....>...)###
##.........#
###.......#
#########


You could see Prince Ribbit, a centaur and a water moccasin skeleton.

Vanquished Creatures
  Edmund (D:4)
  A black bear (D:4)
  A phantom (D:5)
  A bullfrog skeleton (D:4)
  A hound (D:4)
  3 iguanas
  4 adders
  A worm (D:2)
  3 dart slugs
  8 ball pythons
  4 endoplasms
  A giant cockroach (D:3)
  8 hobgoblins
  A jackal (D:2)
  4 quokkas
  4 bats
  2 frilled lizards (D:1)
  7 goblins
  7 kobolds
  4 rats
66 creatures vanquished.

Notes
Turn   | Place    | Note
-------+----------+-------------------------------------------
     0 | D:1      | shadowrider38 the Minotaur Berserker began the quest for
                  | the Orb.
     0 | D:1      | Reached XP level 1. HP: 19/19 MP: 0/0
   179 | D:1      | Reached skill level 4 in Axes
   179 | D:1      | Reached XP level 2. HP: 27/27 MP: 1/1
   824 | D:1      | Found a faded altar of an unknown god.
   950 | D:2      | Reached ** piety under Trog
  1061 | D:2      | Reached XP level 3. HP: 33/33 MP: 2/2
  1967 | D:3      | Reached skill level 5 in Axes
  2135 | D:3      | Reached XP level 4. HP: 33/40 MP: 3/3
  2382 | D:3      | Found a runed translucent door.
  2383 | D:3      | Noticed ZARRMARR's ghost (amateur HOFi)
  2777 | D:4      | Noticed Edmund
  2789 | D:4      | Killed Edmund
  2790 | D:4      | Reached skill level 7 in Axes
  2790 | D:4      | Reached XP level 5. HP: 46/46 MP: 4/4
  2846 | D:4      | Noticed a black bear
  2857 | D:4      | Killed a black bear
  2858 | D:4      | Reached XP level 6. HP: 46/52 MP: 5/5
  2904 | D:4      | Reached skill level 8 in Axes
  3124 | D:4      | Found a glowing golden altar of the Shining One.
  3267 | D:4      | Found a staircase to the Ecumenical Temple.
  3479 | D:5      | Entered Level 5 of the Dungeon
  3524 | D:5      | Reached skill level 9 in Axes
  3524 | D:5      | Reached XP level 7. HP: 59/59 MP: 6/6
  3576 | D:5      | Noticed Prince Ribbit
  3594 | D:5      | Slain by Prince Ribbit

Illustrated notes

Levels and vault maps discovered:
D:1:      minmay_arrival_semitransparent, layout_loops_ring,
          ebering_ecumenical_altar_abandoned
D:2:      layout_loops_ring, minmay_domino_4
D:3:      layout_loops_ring, ebering_ghost_sewer_d, kennysheep_generic_room_11
D:4:      layout_basic, nicolae_tso_swordbearing_angel,
          minmay_temple_entry_statues, uniq_edmund
D:5:      layout_loops_cross, nicolae_wu_jian_wuxing_cycle, uniq_ijyb,
          uniq_pikel, uniq_sigmund, uniq_prince_ribbit1

Skill      XL: |  1  2  3  4  5  6 |
---------------+-------------------+-----
Axes           | 4 5 7 9 |  9.1
Fighting       | 4 |  4.1
Armour         | |  2.7
Dodging        | |  2.5
Stealth        | |  0.5

Action                   |  1- 3 |  4- 6 |  7- 9 || total
-------------------------+-------+-------+-------++-------
Melee: Hand axe          |    91 |    73 |     3 ||   167
       Headbutt          |    12 |    13 |     2 ||    27
Invok: Berserk           |       |     2 |       ||     2
Armor: Animal skin       |    10 |       |       ||    10
       Robe              |     7 |       |       ||     7
       Scale mail        |     3 |    16 |     1 ||    20
Dodge: Dodged            |    57 |    48 |     2 ||   107
